Workbook

Sheet 2022-2023 ACT
B1: 44378 | C1: 44409 | D1: 44440 | E1: 44470 | F1: 44501 | G1: 44531 | H1: 44562 | I1: 44593 | J1: 44621 | K1: 44652 | L1: 44682 | M1: 44713 | N1: YTD | O1: Budget | P1: Over/Under
A2: Income
A3: 5th Grade Send Off (flow-thru) | N3: =SUM(B3:M3) -> 0 | O3: 0 | P3: =N3-O3 -> 0
A4: Book Fair (Flow-thru) | E4: =2782+88.21 -> 2870.21 | N4: =SUM(B4:M4) -> 2870.21 | O4: 4000 | P4: =N4-O4 -> -1129.79
A5: Bottle Drop | N5: =SUM(B5:M5) -> 0 | O5: 2000 | P5: =N5-O5 -> -2000 | Q5: 1686
A6: Box Tops | N6: =SUM(B6:M6) -> 0 | O6: 0 | P6: =N6-O6 -> 0 | Q6: 113
A7: Boy Scouts (flow thru - donations earmarked for Scouts) | N7: =SUM(B7:M7) -> 0 | O7: 2000 | P7: =N7-O7 -> -2000
A8: Community Fundraiser | N8: =SUM(B8:M8) -> 0 | O8: 1000 | P8: =N8-O8 -> -1000
A9: Fun Run | E9: =296.06+2106.5 -> 2402.56 | F9: =25993.51+25+100+100 -> 26218.51 | N9: =SUM(B9:M9) -> 28621.07 | O9: 25000 | P9: =N9-O9 -> 3621.07 | Q9: 28866
A10: Member/Misc (Donation; incl. corp. match funds) | E10: 20 | F10: =710.01 -> 710.01 | N10: =SUM(B10:M10) -> 730.01 | O10: 2000 | P10: =N10-O10 -> -1269.99
A11: Restaurant Night | N11: =SUM(B11:M11) -> 0 | O11: 500 | P11: =N11-O11 -> -500 | Q11: 233
A12: Rewards Programs (Amazon Smile, Fred Meyer) | D12: =148.45+109.81 -> 258.26 | F12: =108+120.71 -> 228.71 | N12: =SUM(B12:M12) -> 486.97 | O12: 800 | P12: =N12-O12 -> -313.03
A13: School Supplies Donations | D13: 7369.83 | N13: =SUM(B13:M13) -> 7369.83 | O13: 7000 | P13: =N13-O13 -> 369.83
A14: Science Expo | N14: =SUM(B14:M14) -> 0 | O14: 500 | P14: =N14-O14 -> -500
A15: Staff Appreciation donations | N15: =SUM(B15:M15) -> 0 | O15: 1000 | P15: =N15-O15 -> -1000
A17: Total Income | B17: =SUM(B3:B16) -> 0 | C17: =SUM(C3:C16) -> 0 | D17: =SUM(D3:D16) -> 7628.09 | E17: =SUM(E3:E16) -> 5292.77 | F17: =SUM(F3:F16) -> 27157.23 | G17: =SUM(G3:G16) -> 0 | H17: =SUM(H3:H16) -> 0 | I17: =SUM(I3:I16) -> 0 | ... P17: =SUM(P3:P16) -> -5721.91
A18: Expenses
A19: 5th Grade Send Off (Expenses) | N19: =SUM(B19:M19) -> 0 | O19: 1500 | P19: =O19-N19 -> 1500
A20: Art Literacy | F20: =150 -> 150 | N20: =SUM(B20:M20) -> 150 | O20: 1500 | P20: =O20-N20 -> 1350
A21: Assemblies | N21: =SUM(B21:M21) -> 0 | O21: 2000 | P21: =O21-N21 -> 2000
A22: Battle of the Books | D22: 65 | N22: =SUM(B22:M22) -> 65 | O22: 1500 | P22: =O22-N22 -> 1435
A23: Boohoo Woohoo (welcome new families) | N23: =SUM(B23:M23) -> 0 | O23: 100 | P23: =O23-N23 -> 100
A24: Book Fair | F24: 1252.38 | N24: =SUM(B24:M24) -> 1252.38 | O24: 4000 | P24: =O24-N24 -> 2747.62
A25: Book Fair profit | N25: =SUM(B25:M25) -> 0 | O25: 890 | P25: =O25-N25 -> 890
A26: Book Room | N26: =SUM(B26:M26) -> 0 | O26: 500 | P26: =O26-N26 -> 500 | S26: 44868
A27: Brain Pop (Peterson) | N27: =SUM(B27:M27) -> 0 | O27: 230 | P27: =O27-N27 -> 230 | S27: Bank Accounts
A28: Chess Club | N28: =SUM(B28:M28) -> 0 | O28: 100 | P28: =O28-N28 -> 100 | S28: Business Checking | U28: 13226 | V28: =SUM(U28:U29) -> 39219 | W28: Operating
A29: Class Parties | F29: =139.02+45.97+50+49.09+38.05 -> 322.13 | N29: =SUM(B29:M29) -> 322.13 | O29: 2700 | P29: =O29-N29 -> 2377.87 | S29: Paypal | U29: 25993
A30: Clothes Closet Donation | D30: 250 | N30: =SUM(B30:M30) -> 250 | O30: 250 | P30: =O30-N30 -> 0 | S30: Business Savings | U30: 12944 | V30: =SUM(U30:U32) -> 23551.58 | W30: Reserves
A31: Community Fundraiser (Flow through) | N31: =SUM(B31:M31) -> 0 | O31: 1000 | P31: =O31-N31 -> 1000 | S31: CD 10 - 12 month (Jan) | U31: 5283
A32: Donut with Your Grown-Up/Movie night | N32: =SUM(B32:M32) -> 0 | O32: 750 | P32: =O32-N32 -> 750 | S32: CD 15 - 12 month (Jul) | U32: 5324.58
A33: Dry Cleaining (Furry Grover) | N33: =SUM(B33:M33) -> 0 | O33: 50 | P33: =O33-N33 -> 50 | U33: =SUM(U28:U32) -> 62770.58
A34: Dues & Subscriptions | E34: =21.17+20.17 -> 41.34 | F34: 149 | N34: =SUM(B34:M34) -> 190.34 | O34: 600 | P34: =O34-N34 -> 409.66
A35: Emergency Buckets | D35: 101.92 | N35: =SUM(B35:M35) -> 101.92 | O35: 100 | P35: =O35-N35 -> -1.92
A36: Field Day (Villegas) | N36: =SUM(B36:M36) -> 0 | O36: 200 | P36: =O36-N36 -> 200
A37: Field Trips | N37: =SUM(B37:M37) -> 0 | P37: =O37-N37 -> 0
A38: Kindy | E38: 120 | N38: =SUM(B38:M38) -> 120 | O38: 1875 | P38: =O38-N38 -> 1755
A39: 1st Grade | N39: =SUM(B39:M39) -> 0 | O39: 1875 | P39: =O39-N39 -> 1875
A40: 2nd Grade | D40: 210.15 | N40: =SUM(B40:M40) -> 210.15 | O40: 1875 | P40: =O40-N40 -> 1664.85
A41: 3rd Grade | N41: =SUM(B41:M41) -> 0 | O41: 1875 | P41: =O41-N41 -> 1875
A42: 4th Grade | D42: 336.15 | N42: =SUM(B42:M42) -> 336.15 | O42: 1875 | P42: =O42-N42 -> 1538.85
A43: 5th Grade | N43: =SUM(B43:M43) -> 0 | O43: 1875 | P43: =O43-N43 -> 1875
A44: College Visit/Career Readiness (5th grade) | O44: 550 | P44: =O44-N44 -> 550
A45: Philharmonic Children's Concert (3rd-5th, every 3rd year) | N45: =SUM(B45:M45) -> 0 | P45: =O45-N45 -> 0
A46: Total Field Trips | B46: =SUBTOTAL(9,B37:B45) -> 0 | C46: =SUBTOTAL(9,C37:C45) -> 0 | D46: =SUBTOTAL(9,D37:D45) -> 546.3 | E46: =SUBTOTAL(9,E37:E45) -> 120 | F46: =SUBTOTAL(9,F37:F45) -> 0 | G46: =SUBTOTAL(9,G37:G45) -> 0 | H46: =SUBTOTAL(9,H37:H45) -> 0 | I46: =SUBTOTAL(9,I37:I45) -> 0 | ... P46: =SUBTOTAL(9,P37:P45) -> 11133.7
A47: Fun Run - Pledgestar fees | E47: 995 | N47: =SUM(B47:M47) -> 995 | O47: 1000 | P47: =O47-N47 -> 5
A48: Fun Run supplies, prizes, and T-shirts | D48: =179.99+3291.75 -> 3471.74 | F48: 13.89 | N48: =SUM(B48:M48) -> 3485.63 | O48: 5000 | P48: =O48-N48 -> 1514.37
A49: Garden Area (Kindy) | N49: =SUM(B49:M49) -> 0 | O49: 100 | P49: =O49-N49 -> 100
A50: Geography Club | N50: =SUM(B50:M50) -> 0 | O50: 200 | P50: =O50-N50 -> 200
A51: Insurance | D51: 335 | N51: =SUM(B51:M51) -> 335 | O51: 340 | P51: =O51-N51 -> 5
A52: Meet Your Teacher | F52: 33.57 | N52: =SUM(B52:M52) -> 33.57 | O52: 200 | P52: =O52-N52 -> 166.43
A53: Mystery Science | N53: =SUM(B53:M53) -> 0 | O53: 0 | P53: =O53-N53 -> 0
A54: Oregon Trail (4th Grade) | N54: =SUM(B54:M54) -> 0 | O54: 200 | P54: =O54-N54 -> 200
A55: Pack Leaders | N55: =SUM(B55:M55) -> 0 | O55: 100 | P55: =O55-N55 -> 100
A56: Planners | N56: =SUM(B56:M56) -> 0 | O56: 250 | P56: =O56-N56 -> 250
A57: PTO Meetings | F57: 9.5 | N57: =SUM(B57:M57) -> 9.5 | O57: 500 | P57: =O57-N57 -> 490.5
A58: PTO Supplies | F58: =74.99 -> 74.99 | N58: =SUM(B58:M58) -> 74.99 | O58: 500 | P58: =O58-N58 -> 425.01
A59: Reading Online Program (RAZ) | N59: =SUM(B59:M59) -> 0 | O59: 120 | P59: =O59-N59 -> 120
A60: Restaurant Nights (PE) | N60: =SUM(B60:M60) -> 0 | O60: 500 | P60: =O60-N60 -> 500
A61: Restaurant Nights (Music) | N61: =SUM(B61:M61) -> 0 | O61: 500 | P61: =O61-N61 -> 500
A62: Restaurant Nights (Tech) | O62: 250
A63: Restaurant Nights (Library) (carryover from 2020-2021 year) | N63: =SUM(B63:M63) -> 0 | O63: 0 | P63: =O63-N63 -> 0
A64: Scholastic (Kindy) | N64: =SUM(B64:M64) -> 0 | O64: 500 | P64: =O64-N64 -> 500
A65: Scholastic (3rd Grade) | D65: 395.34 | N65: =SUM(B65:M65) -> 395.34 | O65: 500 | P65: =O65-N65 -> 104.66
A66: Scholastic (5th Grade) | D66: =460.68 -> 460.68 | N66: =SUM(B66:M66) -> 460.68 | O66: 500 | P66: =O66-N66 -> 39.32
A67: School Supplies | C67: =2905.09 -> 2905.09 | D67: =202.44+864.33+261.82 -> 1328.59 | F67: =132.86+65.34 -> 198.2 | N67: =SUM(B67:M67) -> 4431.88 | O67: 7000 | P67: =O67-N67 -> 2568.12
A68: Scouts (flow thru of earmarked donations rec'd) | N68: =SUM(B68:M68) -> 0 | O68: 2000 | P68: =O68-N68 -> 2000
A69: Science Expo | N69: =SUM(B69:M69) -> 0 | O69: 750 | P69: =O69-N69 -> 750
A70: Staff Appreciation/Conference | E70: =106.29+390.35 -> 496.64 | F70: =55.79 -> 55.79 | N70: =SUM(B70:M70) -> 552.43 | O70: 1350 | P70: =O70-N70 -> 797.57
A71: Staff Meals (Principal) | D71: 235 | N71: =SUM(B71:M71) -> 235 | O71: 300 | P71: =O71-N71 -> 65
A72: Summer Reading Party | N72: =SUM(B72:M72) -> 0 | O72: 75 | P72: =O72-N72 -> 75
A73: Sunshine Fund | E73: =109.9 -> 109.9 | F73: =100 -> 100 | N73: =SUM(B73:M73) -> 209.9 | O73: 500 | P73: =O73-N73 -> 290.1
A74: Taxes & Licenses | E74: 90 | N74: =SUM(B74:M74) -> 90 | O74: 140 | P74: =O74-N74 -> 50
A75: Teacher Supplies | D75: =248.71+152.48+29.02+149.51+57.08+175.93 -> 812.73 | E75: =39+50.42+20.74+80.66+142.14 -> 332.96 | F75: =19.48+250+24.62+249.98+62.29 -> 606.37 | N75: =SUM(B75:M75) -> 1752.06 | O75: 8250 | P75: =O75-N75 -> 6497.94
A76: Unbudgeted Expense | N76: =SUM(B76:M76) -> 0 | O76: 1000 | P76: =O76-N76 -> 1000
A77: Wellness (SEL) Center | N77: =SUM(B77:M77) -> 0 | O77: 150 | P77: =O77-N77 -> 150
N78: =SUM(B78:M78) -> 0
A79: Total Expenses | B79: =SUM(B19:B36)+B46+SUM(B47:B78) -> 0 | C79: =SUM(C19:C36)+C46+SUM(C47:C78) -> 2905.09 | D79: =SUM(D19:D36)+D46+SUM(D47:D78) -> 8002.3 | E79: =SUM(E19:E36)+E46+SUM(E47:E78) -> 2185.84 | F79: =SUM(F19:F36)+F46+SUM(F47:F78) -> 2965.82 | G79: =SUM(G19:G36)+G46+SUM(G47:G78) -> 0 | H79: =SUM(H19:H36)+H46+SUM(H47:H78) -> 0 | I79: =SUM(I19:I36)+I46+SUM(I47:I78) -> 0 | ... M79: =SUM(M19:M36)+M46+SUM(M47:M78) -> 0 | N79: =SUBTOTAL(9,N18:N78) -> 16059.05 | O79: =SUBTOTAL(9,O18:O78) -> 62545 | P79: =SUBTOTAL(9,P18:P78) -> 46235.95
A80: Net Operating Income | B80: =B17-B79 -> 0 | C80: =C17-C79 -> -2905.09 | D80: =D17-D79 -> -374.21 | E80: =E17-E79 -> 3106.93 | F80: =F17-F79 -> 24191.41 | G80: =G17-G79 -> 0 | H80: =H17-H79 -> 0 | I80: =I17-I79 -> 0 | ... O80: =O17-O79 -> -16745 | P80: =P17+P79 -> 40514.04
A81: Other Income
A82: Bank Dividends | B82: =0.59+0.55 -> 1.14 | C82: =0.54+0.55 -> 1.09 | D82: =0.5+0.53 -> 1.03 | E82: =0.45+0.55 -> 1 | F82: =1.43+1.06 -> 2.49 | N82: =SUM(B82:M82) -> 6.75 | O82: 10 | P82: =O82-N82 -> 3.25
A83: CD Dividends | B83: =0.22+0.22+0.12 -> 0.56 | N83: =SUM(B83:M83) -> 0.56 | O83: 100 | P83: =O83-N83 -> 99.44
A84: Total Other Income | B84: =SUM(B82:B83) -> 1.7 | C84: =SUM(C82:C83) -> 1.09 | D84: =SUM(D82:D83) -> 1.03 | E84: =SUM(E82:E83) -> 1 | F84: =SUM(F82:F83) -> 2.49 | G84: =SUM(G82:G83) -> 0 | H84: =SUM(H82:H83) -> 0 | I84: =SUM(I82:I83) -> 0 | ... P84: =SUM(P82:P83) -> 102.69
A85: Net Other Income | B85: =(B84)-(0) -> 1.7 | C85: =(C84)-(0) -> 1.09 | D85: =(D84)-(0) -> 1.03 | E85: =(E84)-(0) -> 1 | F85: =(F84)-(0) -> 2.49 | G85: =(G84)-(0) -> 0 | H85: =(H84)-(0) -> 0 | I85: =(I84)-(0) -> 0 | ... M85: =(M84)-(0) -> 0 | N85: =SUM(B85:M85) -> 7.31 | O85: =(O84)-(0) -> 110 | P85: =(P84)-(0) -> 102.69
A86: Net Income | B86: =(B80)+(B85) -> 1.7 | C86: =(C80)+(C85) -> -2904 | D86: =(D80)+(D85) -> -373.18 | E86: =(E80)+(E85) -> 3107.93 | F86: =(F80)+(F85) -> 24193.9 | G86: =(G80)+(G85) -> 0 | H86: =(H80)+(H85) -> 0 | I86: =(I80)+(I85) -> 0 | ... P86: =(P80)+(P85) -> 40616.73
B89: Bottle drop balance: $1686
B90: BoxTops Balance: $113

Sheet Teacher funds
E2: 44868
B3: Grade/Class | C3: Name | D3: Budget | E3: Spent YTD | F3: Remaining
B4: 1st | C4: Trinci | D4: 250 | E4: =50.42 -> 50.42 | F4: =D4-E4 -> 199.58 | H4: Molly_Norris@beaverton.k12.or.us
B5: 1st | C5: Ford | D5: 250 | E5: 248.71 | F5: =D5-E5 -> 1.29 | H5: Rhonda_Harwood@beaverton.k12.or.us
B6: 1st | C6: Barto | D6: 250 | E6: 250 | F6: =D6-E6 -> 0 | H6: Greg_Leijon@beaverton.k12.or.us
B7: 2nd | C7: Melvin | D7: 250 | E7: =13+8.2 -> 21.2 | F7: =D7-E7 -> 228.8 | H7: Melissa_Mayes@beaverton.k12.or.us
B8: 2nd | C8: Beltran | D8: 250 | E8: =13+8.2 -> 21.2 | F8: =D8-E8 -> 228.8 | H8: Tara_Trinci@beaverton.k12.or.us
B9: 2nd | C9: Viegas | D9: 250 | E9: =13+8.2 -> 21.2 | F9: =D9-E9 -> 228.8
B10: 3rd | C10: West | D10: 250 | E10: 0 | F10: =D10-E10 -> 250 | H10: brynn_viegas@beaverton.k12.or.us
B11: 3rd | C11: Oakes | D11: 250 | E11: 0 | F11: =D11-E11 -> 250 | H11: cheyenne_kiefel@beaverton.k12.or.us
B12: 4th | C12: Peterson | D12: 250 | E12: 0 | F12: =D12-E12 -> 250 | H12: jennifer_beltran@beaverton.k12.or.us
B13: 4th | C13: Calafet | D13: 250 | E13: 57.08 | F13: =D13-E13 -> 192.92 | H13: Kristin_Melvin@beaverton.k12.or.us
B14: 4th | C14: Winterfeld | D14: 250 | F14: =D14-E14 -> 250 | H14: Kristin_Melvin@beaverton.k12.or.us
B15: 5th | C15: Lee | D15: 250 | E15: =29.02 -> 29.02 | F15: =D15-E15 -> 220.98 | H15: renee_oakes@beaverton.k12.or.us
B16: 5th | C16: Serrao | D16: 250 | E16: ='2022-2023 ACT'!T18 -> 0 | F16: =D16-E16 -> 250 | H16: jessica_west@beaverton.k12.or.us
B17: Coach/Intvtn | C17: Hausman | D17: 250 | E17: ='2022-2023 ACT'!W14 -> 0 | F17: =D17-E17 -> 250 | H17: laurie_calafet@beaverton.k12.or.us
B18: Coach/Intvtn | C18: Pearson | D18: 250 | E18: 149.51 | F18: =D18-E18 -> 100.49 | H18: Jason_Peterson@beaverton.k12.or.us
B19: Coach/Intvtn | C19: King | D19: 250 | E19: ='2022-2023 ACT'!W16 -> 0 | F19: =D19-E19 -> 250 | H19: stacy_serrao@beaverton.k12.or.us
B20: Counselor | C20: Caryl | D20: 250 | E20: =62.29 -> 62.29 | F20: =D20-E20 -> 187.71 | H20: richard_lee@beaverton.k12.or.us
B21: ESL | C21: Abel | D21: 250 | E21: ='2022-2023 ACT'!W10 -> 0 | F21: =D21-E21 -> 250 | H21: jennifer_mohr@beaverton.k12.or.us
B22: ESL | C22: Debusk | D22: 250 | E22: 249.98 | F22: =D22-E22 -> 0.02 | H22: leslie_villegas@beaverton.k12.or.us
B23: K | C23: Harwood | D23: 250 | E23: ='2022-2023 ACT'!T6 -> 0 | F23: =D23-E23 -> 250 | H23: LisaKaren_Donnelly@beaverton.k12.or.us
B24: K | C24: Mayes | D24: 250 | E24: ='2022-2023 ACT'!T8 -> 0 | F24: =D24-E24 -> 250 | H24: Lindsay_Ruhnke@beaverton.k12.or.us
B25: K | C25: Leijon | D25: 250 | E25: 142.14 | F25: =D25-E25 -> 107.86 | H25: joyce_debusk@beaverton.k12.or.us
B26: Learning Spec | C26: Choo | D26: 250 | E26: ='2022-2023 ACT'!W18 -> 0 | F26: =D26-E26 -> 250 | H26: debbie_abel@beaverton.k12.or.us
B27: Learning Spec | C27: Fulle | D27: 250 | E27: ='2022-2023 ACT'!W17 -> 0 | F27: =D27-E27 -> 250 | H27: Maureen_Caryl@beaverton.k12.or.us
B28: Library | C28: Donnelly | D28: 250 | E28: ='2022-2023 ACT'!W7 -> 0 | F28: =D28-E28 -> 250 | H28: deborah_starr@beaverton.k12.or.us
B29: Music | C29: Colett | D29: 250 | E29: ='2022-2023 ACT'!W5 -> 0 | F29: =D29-E29 -> 250 | H29: elizabeth_silver@beaverton.k12.or.us
B30: PE | C30: Villegas | D30: 250 | E30: ='2022-2023 ACT'!W6 -> 0 | F30: =D30-E30 -> 250 | H30: jennifer_hausman@beaverton.k12.or.us
B31: PreK | C31: Norris | D31: 250 | E31: ='2022-2023 ACT'!T5 -> 0 | F31: =D31-E31 -> 250 | H31: jada_pearson@beaverton.k12.or.us
B32: Psych | C32: Smith | D32: 250 | E32: ='2022-2023 ACT'!W20 -> 0 | F32: =D32-E32 -> 250 | H32: Michelle_King@beaverton.k12.or.us
B33: Social Wkr | C33: Silver | D33: 250 | E33: =20.74+80.66 -> 101.4 | F33: =D33-E33 -> 148.6 | H33: Brenda_Fulle@beaverton.k12.or.us
B34: Speech | C34: Dolan | D34: 250 | E34: ='2022-2023 ACT'!W19 -> 0 | F34: =D34-E34 -> 250 | H34: Shiok_Choo@beaverton.k12.or.us
B35: Stu Success | C35: Starr | D35: 250 | E35: =19.48 -> 19.48 | F35: =D35-E35 -> 230.52 | H35: Sara_Dolan@beaverton.k12.or.us
B36: Tech | C36: Ruhnke | D36: 500 | E36: =152.48+175.93 -> 328.41 | F36: =D36-E36 -> 171.59 | H36: Kelly_Smith@beaverton.k12.or.us
D38: =SUM(D4:D36) -> 8500 | E38: =SUM(E4:E36) -> 1752.04 | F38: =SUM(F4:F36) -> 6747.96

Sheet June update notes
A1: Fir Grove PTO
A3: Budget overview
A4: · Fun Run is our one big fundraiser that funds most of what we do
A5: - Biggest expenditures funded by Fun Run: Field Trips ($13K), teacher supplies ($8K), Art Lit, class parties
A6: · We also get a large donation from Beaverton Christian Church to fund school supplies
A7: - Keeps supply list for families to a minimum
A8: - Our supplies coordinator (Minta Johnson) uses these funds to stock the classrooms, coordinating with teachers
A10: - This year BCC raised $9,325, exceeding our budget of $7,000!
A12: Fun Run
A13: · We budgeted income of $25K last spring in hopes of a “normal” in-person Fun Run this fall
A14: · Last year we earned $12K with a virtual/socially-distanced Fun Run
A15: - Students ran laps in neighborhood individually or with family/friends
... A48: January activity
A49: · Another slow month - expected in December | B49: Received a $500 donation from a community member
A50: · Spent $629, mostly on staff appreciation (new Keurig coffee maker for staff room)
A51: · No clarity yet on Field Trip funds, still communicating with teachers and looking into remote options (OMSI, etc.)
A54: February activity
A55: · Received $449 from various sources - Box Tops, MOD Pizza, etc.
A56: · Spent $2,144, including $600 for an Assembly performance, $490 on class parties, $477 on classroom supplies for teachers.
A57: · Question on whether there is time to do in-person field trips this year with COVID restrictions easing. May be limited by bus staffing availability.
A59: · We have a request to help fund a screen in the gym. We are waiting to see how Fun Run fundraising goes before committing.
A62: March activity
A63: · Received $25.6K for Fun Run (hooray!), and $1,114 for community fundraiser
A64: · Spent $5,853 on Fun Run expenses - T-shirts and PledgeStar fee ($995), $250 Clothes Closet donation, and $651 on misc other supplies, etc.
A66: · Question on whether there is time to do in-person field trips this year with COVID restrictions easing. May be limited by bus staffing availability.
A68: · We have a request to help fund a screen in the gym. Since we met our Fun Run goal, we will vote at the April meeting for approval to fund this.
... A87: · We never got billed for school buses for 2nd/4th grade field trips. Presumably we will get those in the fall and need to absorb in 22/23 budget.

Sheet Sheet2
A1: Total Field Trips | B1: 11800
A2: Teacher Supplies | B2: 8250
A3: School Supplies | B3: 7000
A4: Fun Run supplies, prizes, and T-shirts | B4: 5000
A5: Book Fair | B5: 4000
A6: Class Parties | B6: 2700
A7: Assemblies | B7: 2000
A8: 5th Grade Send Off (Expenses) | B8: 1500
A9: Art Literacy | B9: 1500
A10: Battle of the Books | B10: 1500
A11: Staff Appreciation/Conference | B11: 1350
A12: Community Fundraiser (Flow through) | B12: 1000
... A47: Dry Cleaining (Furry Grover) | B47: 50

Sheet Sheet1
A1: PTO Meetings | B1: 9.5
A2: Meet Your Teacher | B2: 33.57
A3: Dues & Subscriptions | B3: 41.34
A4: Battle of the Books | B4: 65
A5: Taxes & Licenses | B5: 90
A6: Emergency Buckets | B6: 101.92
A7: Sunshine Fund | B7: 109.9
A8: Class Parties | B8: 139.02
A9: Staff Meals (Principal) | B9: 235
A10: Clothes Closet Donation | B10: 250
A11: Insurance | B11: 335
A12: Scholastic (3rd Grade) | B12: 395.34
... A19: School Supplies | B19: 4431.88

Sheet PY 2020-2021 ACT
S2: Teacher Supplies (Used)
S3: Grade | T3: Teacher | U3: $ | V3: Grade | W3: Teacher | X3: $
S4: K | T4: Mayes | U4: 250 | V4: Couns | W4: Caryl | X4: 242.93
S5: K | T5: Summers | U5: 250 | V5: Psych | W5: Servin Spath | X5: 250
S6: K/1 | T6: Pearson | U6: 250 | V6: ESL | W6: Abel | X6: 242.12
S7: 1st | T7: Trinci | U7: 250 | V7: ESL | W7: Debusk | X7: 250
S8: 1st | T8: Viegas | U8: 250 | V8: Intervention | W8: Rousseau | X8: 8.68
S9: 2nd | T9: Beltran | U9: 245.97 | V9: Library | W9: Donnelly | X9: =100.02+51.55 -> 151.57
S10: 2nd | T10: Melvin | U10: 248.97 | V10: Music | W10: Colett | X10: 249.4
S11: 3rd | T11: Hausman | U11: 250 | V11: PE | W11: Villegas | X11: 237.89
S12: 3rd | T12: Oakes | U12: 250 | V12: Tech | W12: Cody/Phou | X12: 249.67
S13: 3rd | T13: West | U13: 250 | V13: Resource | W13: Keegan | X13: 219.06
S14: 4th | T14: Calafet | U14: =(70.74+35.64)/2+7.95+188.86 -> 250 | V14: Speech | W14: Guernsey | X14: 248.25
O15: **Budget as of August** | S15: 4th | T15: Peterson | U15: =(70.74+35.64)/2+28.14+7.95+89.64+71.08 -> 250 | V15: Stu Success | W15: Starr | X15: =47.75+200.9 -> 248.65
B16: 44033 | C16: 44044 | D16: 44075 | E16: 44105 | F16: 44136 | G16: 44166 | H16: 44197 | I16: 44228 | J16: 44276 | K16: 44287 | L16: 44317 | M16: 44348 | N16: YTD | O16: Budget | P16: Over/Under | S16: 5th | T16: Serrao | U16: =84.97+88.72+19.35 -> 193.04 | V16: Primary | W16: King | X16: =83.2+43.9+120.32 -> 247.42
A17: Income | S17: 5th | T17: Lee | U17: =165+85 -> 250
A18: 5th Grade Send Off (flow-thru) | L18: 2423 | N18: =SUM(B18:M18) -> 2423 | O18: 0 | P18: =O18-N18 -> -2423 | S18: 5th | T18: Wilson | U18: 248.68
A19: Book Fair (Flow-thru) | N19: =SUM(B19:M19) -> 0 | O19: 4000 | P19: =O19-N19 -> 4000 | S19: Total | X19: =SUM(U4:U18,X4:X18) -> 6532.3
A20: Battle of the books | N20: =SUM(B20:M20) -> 0 | O20: 0 | P20: =O20-N20 -> 0
A21: Bottle Drop | N21: =SUM(B21:M21) -> 0 | O21: 1000 | P21: =O21-N21 -> 1000
A22: Box Tops | H22: 147.9 | L22: 25.5 | N22: =SUM(B22:M22) -> 173.4 | O22: 400 | P22: =O22-N22 -> 226.6 | T22: Bank Accounts | Y22: =X19-N88 -> 0
A23: Scouts (flow thru) | C23: 340 | N23: =SUM(B23:M23) -> 340 | O23: 2000 | P23: =O23-N23 -> 1660 | T23: CD 10 - 12 month (Jan) | V23: 5273.26 | Y23: =X19/O88 -> 0.87097333
A24: Food Donation | F24: 218.35 | N24: =SUM(B24:M24) -> 218.35 | O24: 0 | P24: =O24-N24 -> -218.35 | T24: CD 15 - 12 month (Jul) | V24: 5318.39
A25: Fun Run | E25: =6841.42 -> 6841.42 | F25: 4793.49 | G25: 388 | N25: =SUM(B25:M25) -> 12022.91 | O25: 20000 | P25: =O25-N25 -> 7977.09 | T25: CD 16-3 month (2/5/8/11) | V25: 1561.05
A26: Member/Misc (Donation; incl. corp. match funds) | B26: 113.72 | C26: =2216.2+14-340 -> 1890.2 | F26: 122 | G26: 768.25 | I26: 314 | K26: =195.11 -> 195.11 | M26: 231.2 | N26: =SUM(B26:M26) -> 3634.48 | O26: 2000 | P26: =O26-N26 -> -1634.48 | T26: CD 18 - 6 month (4/10) | V26: 5281.68
A27: Penny Drive | N27: =SUM(B27:M27) -> 0 | O27: 1000 | P27: =O27-N27 -> 1000 | T27: CD 19 - 3 month (1/4/7/10) | V27: 1037.36
A28: Restaurant Night | N28: =SUM(B28:M28) -> 0 | O28: 500 | P28: =O28-N28 -> 500 | T28: Business Savings | V28: 5054.28 | W28: =V28+V29 -> 12380.51 | X28: operating
A29: Rewards Programs (Amazon Smile, Fred Meyer) | C29: =87.15 -> 87.15 | D29: 116.52 | F29: 218.69 | I29: 241.45 | L29: =121.89+127.68 -> 249.57 | N29: =SUM(B29:M29) -> 913.38 | O29: 500 | P29: =O29-N29 -> -413.38 | T29: Business Checking | V29: 7326.23
A30: School Supplies | C30: 7020 | N30: =SUM(B30:M30) -> 7020 | O30: 7000 | P30: =O30-N30 -> -20 | T30: Paypal | V30: 0
A31: Science Expo | N31: =SUM(B31:M31) -> 0 | O31: 500 | P31: =O31-N31 -> 500 | V31: =SUM(V23:V30) -> 30852.25
A32: Staff Appreciation donations | K32: 915.7 | L32: 20 | N32: =SUM(B32:M32) -> 935.7 | O32: 0 | P32: =O32-N32 -> -935.7
A33: Total Income | B33: =SUM(B18:B32) -> 113.72 | C33: =SUM(C18:C32) -> 9337.35 | D33: =SUM(D18:D32) -> 116.52 | E33: =SUM(E18:E32) -> 6841.42 | F33: =SUM(F18:F32) -> 5352.53 | G33: =SUM(G18:G32) -> 1156.25 | H33: =SUM(H18:H32) -> 147.9 | I33: =SUM(I18:I32) -> 555.45 | ... L33: =SUM(L18:L32) -> 2718.07 | M33: =SUM(M18:M31) -> 231.2 | N33: =SUM(N18:N32) -> 27681.22 | O33: =SUM(O18:O32) -> 38900 | P33: =SUM(P18:P32) -> 11218.78
A35: Expenses
A36: 5th Grade Send Off (Expenses) | L36: 83.91 | M36: =212.05+1769.92+99.87 -> 2081.84 | N36: =SUM(B36:M36) -> 2165.75 | O36: 0 | P36: =O36-N36 -> -2165.75
A37: Art Literacy | I37: 477.08 | N37: =SUM(B37:M37) -> 477.08 | O37: 1500 | P37: =O37-N37 -> 1022.92
A38: Assemblies | H38: 1350 | N38: =SUM(B38:M38) -> 1350 | O38: 2000 | P38: =O38-N38 -> 650
A39: Battle of the Books | H39: 1488.73 | I39: 85.27 | N39: =SUM(B39:M39) -> 1574 | O39: 1574 | P39: =O39-N39 -> 0
A40: Book Fair | N40: =SUM(B40:M40) -> 0 | O40: 4000 | P40: =O40-N40 -> 4000
A41: Book Grant (King) | I41: 60 | J41: 17.5 | L41: =280.87+139.97 -> 420.84 | N41: =SUM(B41:M41) -> 498.34 | O41: 500 | P41: =O41-N41 -> 1.66
A42: Book Room | G42: 241 | H42: 25.5 | I42: 38.5 | J42: 78 | K42: 526.36 | L42: 87 | N42: =SUM(B42:M42) -> 996.36 | O42: 958 | P42: =O42-N42 -> -38.36
A43: Box Tops | N43: =SUM(B43:M43) -> 0 | O43: 20 | P43: =O43-N43 -> 20
A44: Brain Pop jr. (Oaks) | N44: =SUM(B44:M44) -> 0 | O44: 350 | P44: =O44-N44 -> 350
A45: Brain Pop (Peterson) | M45: 230 | N45: =SUM(B45:M45) -> 230 | O45: 230 | P45: =O45-N45 -> 0
A46: Chess Club | N46: =SUM(B46:M46) -> 0 | O46: 100 | P46: =O46-N46 -> 100 | S46: Teacher Field Trip Funds (used)
A47: Class Parties | F47: 496.41 | G47: 53.17 | H47: 335.1 | I47: 124.63 | M47: =124.03+50+150+14.86+58.12 -> 397.01 | N47: =SUM(B47:M47) -> 1406.32 | O47: 2250 | P47: =O47-N47 -> 843.68 | S47: Grade | T47: Teacher | U47: $
A48: Clothes Closet Donation | K48: 250 | N48: =SUM(B48:M48) -> 250 | O48: 250 | P48: =O48-N48 -> 0 | S48: K | T48: Mayes | U48: =400.55+299.45 -> 700 | V48: =700-U48 -> 0
A49: Dishwasher | M49: 733.6 | N49: =SUM(B49:M49) -> 733.6 | O49: 1000 | P49: =O49-N49 -> 266.4 | S49: K | T49: Summers | U49: 700
A50: Donut with Your Grown-Up | N50: =SUM(B50:M50) -> 0 | O50: 750 | P50: =O50-N50 -> 750 | S50: K/1 | T50: Pearson | U50: 700
A51: Dry Cleaining (Furry Grover) | N51: =SUM(B51:M51) -> 0 | O51: 50 | P51: =O51-N51 -> 50 | S51: 1st | T51: Trinci | U51: 616.71
A52: Dues & Subscriptions | E52: 126.43 | G52: 48 | M52: 215 | N52: =SUM(B52:M52) -> 389.43 | O52: 300 | P52: =O52-N52 -> -89.43 | S52: 1st | T52: Viegas | U52: 694.22
A53: Emergency Buckets | N53: =SUM(B53:M53) -> 0 | O53: 200 | P53: =O53-N53 -> 200 | S53: 2nd | T53: Beltran | U53: 630
A54: Field Day (Villegas) | L54: 209.88 | N54: =SUM(B54:M54) -> 209.88 | O54: 200 | P54: =O54-N54 -> -9.88 | S54: 2nd | T54: Melvin | U54: 630
A55: Field Trips | I55: 69.94 | J55: 437.44 | N55: =SUM(B55:M55) -> 507.38 | O55: 0 | P55: =O55-N55 -> -507.38 | S55: 3rd | T55: Hausman | U55: =374.98+278.22+46.8 -> 700
A56: Kindy | K56: 700 | L56: 1100.55 | M56: 299.45 | N56: =SUM(B56:M56) -> 2100 | O56: 1875 | P56: =O56-N56 -> -225 | S56: 3rd | T56: Oakes | U56: =346.09+278.22+64.7 -> 689.01
A57: 1st Grade | M57: =616.71+694.22 -> 1310.93 | N57: =SUM(B57:M57) -> 1310.93 | O57: 1875 | P57: =O57-N57 -> 564.07 | S57: 3rd | T57: West | U57: =270.61+278.22+64.7 -> 613.53
A58: 2nd Grade | K58: 1260 | N58: =SUM(B58:M58) -> 1260 | O58: 1875 | P58: =O58-N58 -> 615 | S58: 4th | T58: Calafet | U58: =9.84+238.39 -> 248.23
A59: 3rd Grade | L59: =991.68+834.66 -> 1826.34 | M59: 176.2 | N59: =SUM(B59:M59) -> 2002.54 | O59: 1875 | P59: =O59-N59 -> -127.54 | S59: 4th | T59: Peterson | U59: =96.92+591.82 -> 688.74
A60: 4th Grade | L60: =9.84+96.92+591.82 -> 698.58 | M60: 238.39 | N60: =SUM(B60:M60) -> 936.97 | O60: 1875 | P60: =O60-N60 -> 938.03 | S60: 5th | T60: Serrao
A61: 5th Grade | L61: 294.02 | M61: =257.26 -> 257.26 | N61: =SUM(B61:M61) -> 551.28 | O61: 1875 | P61: =O61-N61 -> 1323.72 | S61: 5th | T61: Lee | U61: 294.02
A62: College Visit/Career Readiness (5th grade) | N62: =SUM(B62:M62) -> 0 | O62: 500 | P62: =O62-N62 -> 500 | S62: 5th | T62: Wilson | U62: 257.26
A63: Total Field Trips | B63: =SUM(B55:B62) -> 0 | C63: =SUM(C55:C62) -> 0 | D63: =SUM(D55:D62) -> 0 | E63: =SUM(E55:E62) -> 0 | F63: =SUM(F55:F62) -> 0 | G63: =SUM(G55:G62) -> 0 | H63: =SUM(H55:H62) -> 0 | I63: =SUM(I55:I62) -> 69.94 | ... P63: =SUM(P55:P62) -> 3080.9 | S63: Total | U63: =SUM(U48:U62) -> 8161.72
A64: Fun Run (Expenses) | D64: 200 | E64: =57.36+203.35 -> 260.71 | F64: 722.62 | I64: 2012.58 | N64: =SUM(B64:M64) -> 3195.91 | O64: 3000 | P64: =O64-N64 -> -195.91 | T64: Total Budget (700 each) | U64: =15*700 -> 10500 | V64: =U63-SUM(N56:N61) -> 0
A65: Garden Area (Kindy) | N65: =SUM(B65:M65) -> 0 | O65: 100 | P65: =O65-N65 -> 100
A66: Geography Club | N66: =SUM(B66:M66) -> 0 | O66: 200 | P66: =O66-N66 -> 200
A67: Insurance | C67: 335 | N67: =SUM(B67:M67) -> 335 | O67: 340 | P67: =O67-N67 -> 5
A68: Mystery Science | L68: 1249 | N68: =SUM(B68:M68) -> 1249 | O68: 1000 | P68: =O68-N68 -> -249
A69: Oregon Trail (4th Grade) | N69: =SUM(B69:M69) -> 0 | O69: 200 | P69: =O69-N69 -> 200
A70: Pack Leaders | N70: =SUM(B70:M70) -> 0 | O70: 100 | P70: =O70-N70 -> 100
A71: Penny Drive (Music) | G71: 1000 | N71: =SUM(B71:M71) -> 1000 | O71: 862 | P71: =O71-N71 -> -138
A72: Penny Drive (Library) | N72: =SUM(B72:M72) -> 0 | O72: 1000 | P72: =O72-N72 -> 1000
A73: Penny Drive (Tech) | N73: =SUM(B73:M73) -> 0 | O73: 300 | P73: =O73-N73 -> 300
A74: PTO Meetings | F74: 20 | H74: 30 | L74: 149.9 | M74: 20 | N74: =SUM(B74:M74) -> 219.9 | O74: 200 | P74: =O74-N74 -> -19.9
A75: PTO Supplies | M75: 31.19 | N75: =SUM(B75:M75) -> 31.19 | O75: 100 | P75: =O75-N75 -> 68.81
A76: Reading Online Program (RAZ) | E76: 346.35 | N76: =SUM(B76:M76) -> 346.35 | O76: 250 | P76: =O76-N76 -> -96.35
A77: Scholastic (Kindy) | E77: 496.22 | N77: =SUM(B77:M77) -> 496.22 | O77: 370 | P77: =O77-N77 -> -126.22
A78: Scholastic (3rd Grade) | E78: 458.15 | N78: =SUM(B78:M78) -> 458.15 | O78: 570 | P78: =O78-N78 -> 111.85
A79: School Supplies | C79: =1225.34+1026.54 -> 2251.88 | D79: =623.35+69.95+87+1034.3+28.3 -> 1842.9 | F79: 234.8 | G79: 130 | K79: =230.84+126.94 -> 357.78 | L79: 36.95 | M79: 120.54 | N79: =SUM(B79:M79) -> 4974.85 | O79: 5000 | P79: =O79-N79 -> 25.15
A80: Scouts | D80: 340 | N80: =SUM(B80:M80) -> 340 | O80: 2000 | P80: =O80-N80 -> 1660
A81: Science Expo | D81: 35.42 | N81: =SUM(B81:M81) -> 35.42 | O81: 750 | P81: =O81-N81 -> 714.58
A82: Shadow Project | N82: =SUM(B82:M82) -> 0 | O82: 0 | P82: =O82-N82 -> 0
A83: Social & Emotional Learning Center | K83: 100 | N83: =SUM(B83:M83) -> 100 | O83: 100 | P83: =O83-N83 -> 0
A84: Staff Appreciation/Conference | F84: 48 | K84: 32.96 | L84: 945.28 | M84: =189+70 -> 259 | N84: =SUM(B84:M84) -> 1285.24 | O84: 350 | P84: =O84-N84 -> -935.24 | Q84: =-P32+P84 -> 0.46 | R84: combine with donations above
A85: Staff Meals (Principal) | D85: 180 | M85: 120 | N85: =SUM(B85:M85) -> 300 | O85: 300 | P85: =O85-N85 -> 0
A86: Summer Reading Party | N86: =SUM(B86:M86) -> 0 | O86: 0 | P86: =O86-N86 -> 0
A87: Taxes & Licenses | G87: 90 | J87: 50 | N87: =SUM(B87:M87) -> 140 | O87: 150 | P87: =O87-N87 -> 10
A88: Teacher Supplies | D88: 165 | E88: 84.97 | F88: 250 | G88: 333.2 | H88: 248.68 | I88: 43.9 | J88: 535.77 | K88: =823.54+28.14+250+100.02+88.72+15.9 -> 1306.32 | L88: =2380.95+19.35+249.4+85+71.08 -> 2805.78 | M88: =258.68+250+250 -> 758.68 | N88: =SUM(B88:M88) -> 6532.3 | O88: 7500 | P88: =O88-N88 -> 967.7
A89: Unbudgeted Expense | E89: 249 | L89: =52.87+330.51+11.97 -> 395.35 | M89: =43.78-99.99 -> -56.21 | N89: =SUM(B89:M89) -> 588.14 | O89: 1000 | P89: =O89-N89 -> 411.86
A91: Total Expenses | B91: =SUM(B36:B54)+B63+SUM(B64:B90) -> 0 | C91: =SUM(C36:C54)+C63+SUM(C64:C90) -> 2586.88 | D91: =SUM(D36:D54)+D63+SUM(D64:D90) -> 2763.32 | E91: =SUM(E36:E54)+E63+SUM(E64:E90) -> 2021.83 | F91: =SUM(F36:F54)+F63+SUM(F64:F90) -> 1771.83 | G91: =SUM(G36:G54)+G63+SUM(G64:G90) -> 1895.37 | H91: =SUM(H36:H54)+H63+SUM(H64:H90) -> 3478.01 | I91: =SUM(I36:I54)+I63+SUM(I64:I90) -> 2911.9 | ... M91: =SUM(M36:M54)+M63+SUM(M64:M90) -> 7192.88 | N91: =SUM(N37:N54)+N63+SUM(N64:N90)+SUM(N36:N36) -> 40577.53 | O91: =SUM(O37:O54)+O63+SUM(O64:O90)+SUM(O36:O36) -> 53724 | P91: =SUM(P37:P54)+P63+SUM(P64:P90)+SUM(P36:P36) -> 13146.47
A92: Net Operating Income | B92: =B33-B91 -> 113.72 | C92: =C33-C91 -> 6750.47 | D92: =D33-D91 -> -2646.8 | E92: =E33-E91 -> 4819.59 | F92: =F33-F91 -> 3580.7 | G92: =G33-G91 -> -739.12 | H92: =H33-H91 -> -3330.11 | I92: =I33-I91 -> -2356.45 | ... P92: =P33-P91 -> -1927.69
A93: Other Income
A94: Bank Dividends | B94: =0.84+0.21 -> 1.05 | C94: =0.88+0.21 -> 1.09 | D94: 1.25 | E94: 1.19 | F94: 1.24 | G94: 1.6 | H94: 1.54 | I94: 1.27 | J94: 1.3 | K94: 1.21 | L94: 0.99 | M94: 0.65 | N94: =SUM(B94:M94) -> 14.38 | O94: 10 | P94: =O94-N94 -> -4.38
A95: CD Dividends | B95: =6.61+3.24+1.16+0.66+4.46+0.42+0.23 -> 16.78 | C95: 14.44 | D95: 13.99 | E95: 12.76 | F95: 10.68 | G95: 10.9 | H95: 7.83 | I95: 5.06 | J95: 5.59 | K95: 5.03 | L95: 4.69 | M95: 4.45 | N95: =SUM(B95:M95) -> 112.2 | O95: 120 | P95: =O95-N95 -> 7.8
A96: Total Other Income | B96: =SUM(B94:B95) -> 17.83 | C96: =SUM(C94:C95) -> 15.53 | D96: =SUM(D94:D95) -> 15.24 | E96: =SUM(E94:E95) -> 13.95 | F96: =SUM(F94:F95) -> 11.92 | G96: =SUM(G94:G95) -> 12.5 | H96: =SUM(H94:H95) -> 9.37 | I96: =SUM(I94:I95) -> 6.33 | ... P96: =SUM(P94:P95) -> 3.42
A97: Net Other Income | B97: =(B96)-(0) -> 17.83 | C97: =(C96)-(0) -> 15.53 | D97: =(D96)-(0) -> 15.24 | E97: =(E96)-(0) -> 13.95 | F97: =(F96)-(0) -> 11.92 | G97: =(G96)-(0) -> 12.5 | H97: =(H96)-(0) -> 9.37 | I97: =(I96)-(0) -> 6.33 | ... M97: =(M96)-(0) -> 5.1 | N97: =SUM(B97:M97) -> 126.58 | O97: =(O96)-(0) -> 130 | P97: =(P96)-(0) -> 3.42
A98: Net Income | B98: =(B92)+(B97) -> 131.55 | C98: =(C92)+(C97) -> 6766 | D98: =(D92)+(D97) -> -2631.56 | E98: =(E92)+(E97) -> 4833.54 | F98: =(F92)+(F97) -> 3592.62 | G98: =(G92)+(G97) -> -726.62 | H98: =(H92)+(H97) -> -3320.74 | I98: =(I92)+(I97) -> -2350.12 | ... P98: =(P92)+(P97) -> -1924.27
